[Event "December 12 Early 2023"]
[Site "https://www.chess.com"]
[Date "2023.12.12"]
[Round "10"]
[White "Thorfinnsson, Bjorn"]
[Black "Quirke, Jeffrey"]
[Result "1/2-1/2"]
[Board "114"]
[TimeControl "180+1"]
[WhiteFideId "2300982"]
[BlackFideId "2013029"]
[WhiteElo "2579"]
[BlackElo "2180"]
[WhiteTeam "ISL"]
[BlackTeam "USA"]
[WhiteClock "0:00:27"]
[BlackClock "0:00:12"]

1. d4 Nf6 2. Nf3 g6 3. Bg5 Bg7 4. e3 O-O 5. Bd3 d5 6. c3 Nbd7 7. Nbd2 b6 8. Qc2 Bb7 9. h4 h5 10. O-O-O c5 11. Ne5 Nxe5 12. dxe5 Ng4 13. e6 Nxf2 14. exf7+ Rxf7 15. Bxg6 Nxh1 16. Bxf7+ Kxf7 17. Qf5+ Kg8 18. Rxh1 d4 19. Rf1 dxc3 20. Qf7+ Kh8 21. Qxh5+ Kg8 22. bxc3 Qd3 23. Qf7+ Kh8 24. Rf5 Qxc3+ 25. Kd1 Rf8 26. Qh5+ Kg8 27. Bxe7 Qa1+ 28. Ke2 Ba6+ 29. Kf2 Rxf5+ 30. Qxf5 Qxa2 31. Ke1 Qf7 32. Qg5 Qe6 33. Nf3 Bb7 34. Kf2 c4 35. Bb4 a5 36. Bc3 Qf7 37. Ke2 Bxf3+ 38. gxf3 a4 39. Qd8+ Kh7 40. Bxg7 Qxg7 41. Qxb6 Qc3 42. Qa7+ Kh6 43. Qxa4 Qd3+ 44. Kf2 Qd2+ 45. Kg3 c3 46. Qc6+ Kg7 47. Qc7+ Kf8 48. Qc8+ Kf7 49. Qc7+ Kf8 50. Qc8+ Kf7 51. Qc4+ Kf8 52. Qf4+ Ke8 53. Qe5+ Kf8 54. Qf6+ Ke8 55. Qe6+ Kf8 56. Qc8+ 1/2-1/2

[Event "December 12 Early 2023"]
[Site "https://www.chess.com"]
[Date "2023.12.12"]
[Round "10"]
[White "Klinova, Masha"]
[Black "La Villa Rivas, Marlon Javier"]
[Result "0-1"]
[Board "115"]
[TimeControl "180+1"]
[WhiteFideId "2802015"]
[BlackFideId "3519546"]
[WhiteElo "2512"]
[BlackElo "2346"]
[WhiteTeam "ISR"]
[BlackTeam "CUB"]
[WhiteClock "0:00:48"]
[BlackClock "0:01:30"]

1. e4 e6 2. Nf3 d5 3. Nc3 dxe4 4. Nxe4 Nf6 5. Nxf6+ gxf6 6. d4 c5 7. Be3 Nc6 8. dxc5 Qa5+ 9. Qd2 Qxd2+ 10. Nxd2 f5 11. O-O-O e5 12. Nb3 f4 13. Bd2 Be6 14. Bb5 O-O-O 15. Bc3 f6 16. Bxc6 bxc6 17. Rxd8+ Kxd8 18. Na5 Kc7 19. b4 Bxa2 20. Kb2 Bd5 21. f3 Rg8 22. g3 Bxf3 23. Rf1 Be2 24. Rf2 f3 25. Nb3 Bh6 26. Bd2 Bg7 27. Be3 f5 28. Nd4 exd4 29. Bf4+ Kb7 30. Kc1 Re8 31. Kd2 Ka6 0-1

[Event "December 12 Early 2023"]
[Site "https://www.chess.com"]
[Date "2023.12.12"]
[Round "10"]
[White "Omariev, Maksim"]
[Black "Georg, Heinz"]
[Result "1-0"]
[Board "116"]
[TimeControl "180+1"]
[WhiteFideId "4193423"]
[BlackFideId "4607295"]
[WhiteElo "2489"]
[BlackElo "2340"]
[WhiteTeam "RUS"]
[BlackTeam "GER"]
[WhiteClock "0:00:04"]
[BlackClock "0:00:00"]

1. g4 d5 2. Bg2 e5 3. d4 e4 4. c4 c6 5. Nc3 h5 6. g5 f5 7. Qb3 Ne7 8. Nh3 dxc4 9. Qxc4 Nd5 10. Nf4 Nb6 11. Qb3 Qxg5 12. Rg1 Qf6 13. Bh1 g5 14. Nh3 g4 15. Nf4 Bd6 16. Be3 Bxf4 17. Bxf4 Be6 18. Qb4 Na6 19. Qa5 Nc4 20. Qa4 O-O-O 21. O-O-O Rxd4 22. e3 Rd7 23. Bg2 Rhd8 24. Rxd7 Rxd7 25. Bf1 Nxb2 26. Qc2 Nd3+ 27. Bxd3 exd3 28. Qd2 Bc4 29. Kb1 Qe6 30. Rc1 b5 31. Nd1 Qe7 32. Ka1 Qb4 33. Qb2 Qxb2+ 34. Nxb2 d2 35. Rd1 Nb4 36. Nxc4 bxc4 37. Be5 1-0

[Event "December 12 Early 2023"]
[Site "https://www.chess.com"]
[Date "2023.12.12"]
[Round "10"]
[White "Gallegos Diaz, Carlos Alberto"]
[Black "Tay, Junior"]
[Result "0-1"]
[Board "117"]
[TimeControl "180+1"]
[WhiteFideId "3900886"]
[BlackFideId "5800439"]
[WhiteElo "2337"]
[BlackElo "2480"]
[WhiteTeam "VEN"]
[BlackTeam "SGP"]
[WhiteClock "0:00:00"]
[BlackClock "0:00:14"]

1. e4 c5 2. Nc3 Nc6 3. f4 g6 4. Nf3 Bg7 5. Bb5 Nd4 6. Bc4 a6 7. a4 e6 8. d3 Ne7 9. e5 d5 10. exd6 Nef5 11. Ne4 b6 12. c3 Nc6 13. Ne5 Nxe5 14. fxe5 Bxe5 15. Qf3 Ra7 16. g4 Bb7 17. gxf5 gxf5 18. Bf4 fxe4 19. dxe4 Qh4+ 20. Bg3 Bxg3+ 21. hxg3 Qxe4+ 22. Qxe4 Bxe4 23. Rh4 Bg6 24. O-O-O Kd7 25. b4 Rc8 26. Kb2 Rc6 27. b5 Rxd6 28. Rxd6+ Kxd6 29. bxa6 e5 30. Rh1 e4 31. Rd1+ Ke5 32. Kc1 f5 33. Rd5+ Kf6 34. Rd6+ Kg5 35. Rxb6 Kg4 36. Rb7 Ra8 37. a7 Kxg3 38. Bd5 f4 39. Rg7 Rxa7 40. Rxa7 f3 41. Bc4 e3 42. Re7 Kf2 43. a5 e2 44. a6 e1=Q+ 45. Rxe1 Kxe1 46. Bd5 f2 47. Bg2 Be4 48. Bxe4 f1=Q 49. a7 Qc4 50. Kb2 Qxe4 0-1

[Event "December 12 Early 2023"]
[Site "https://www.chess.com"]
[Date "2023.12.12"]
[Round "10"]
[White "Shinkarev, M"]
[Black "Marcziter, Dmitrii"]
[Result "1-0"]
[Board "118"]
[TimeControl "180+1"]
[WhiteFideId "4145348"]
[BlackFideId "13900765"]
[WhiteElo "2467"]
[BlackElo "2307"]
[WhiteTeam "RUS"]
[BlackTeam "GER"]
[WhiteClock "0:01:02"]
[BlackClock "0:00:00"]

1. c4 e5 2. g3 Nc6 3. Bg2 g6 4. e3 Bg7 5. Nc3 d6 6. Nge2 Be6 7. Nd5 Qd7 8. h3 Nd8 9. d3 c6 10. Ndc3 Ne7 11. b3 O-O 12. d4 Qc8 13. Ba3 Qc7 14. dxe5 dxe5 15. Bd6 Qd7 16. c5 Re8 17. e4 Nc8 18. Qd2 Nxd6 19. cxd6 f6 20. Rd1 Nf7 21. Qe3 b6 22. O-O Rad8 23. f4 f5 24. exf5 Bxf5 25. g4 exf4 26. Qxf4 Be5 27. Qf2 Be6 28. Ne4 Nxd6 29. Nf6+ Bxf6 30. Qxf6 Qg7 31. Bxc6 Re7 32. Qxg7+ Kxg7 33. Nf4 Nf7 34. Rde1 Rd6 35. Bb5 Ng5 36. h4 Nf7 37. g5 Nd8 38. Re3 Rf7 39. Nxe6+ Nxe6 40. Rxf7+ Kxf7 41. Bc4 Ke7 42. Kf2 Kd7 43. Rf3 Kc6 44. Rf7 1-0

[Event "December 12 Early 2023"]
[Site "https://www.chess.com"]
[Date "2023.12.12"]
[Round "10"]
[White "Spichkin, Alexander"]
[Black "Shapiro, Daniel"]
[Result "1-0"]
[Board "119"]
[TimeControl "180+1"]
[WhiteFideId "4144074"]
[BlackFideId "2001780"]
[WhiteElo "2465"]
[BlackElo "2303"]
[WhiteTeam "RUS"]
[BlackTeam "USA"]
[WhiteClock "0:01:59"]
[BlackClock "0:00:00"]

1. f4 Nf6 2. Nf3 g6 3. d3 c5 4. e4 d6 5. Be2 Bg7 6. Nc3 Nc6 7. O-O O-O 8. Qe1 Bd7 9. Qh4 e6 10. f5 exf5 11. Bg5 h6 12. Bxh6 Bxh6 13. Qxh6 Ng4 14. Qd2 Kg7 15. h3 Nf6 16. Qg5 fxe4 17. dxe4 Nh5 18. Qe3 Ng3 19. Rf2 Qe7 20. Ng5 Nxe2+ 21. Nxe2 f6 22. Nf3 Rae8 23. Ng3 d5 24. Rd1 dxe4 25. Nxe4 Bxh3 26. gxh3 Qxe4 27. Rd7+ Kg8 28. Qh6 Re7 29. Rd1 Rh7 30. Ng5 Rxh6 31. Nxe4 Rxh3 32. Nxf6+ Kg7 33. Rd7+ Rf7 34. Ne8+ Kg8 35. Rfxf7 1-0

[Event "December 12 Early 2023"]
[Site "https://www.chess.com"]
[Date "2023.12.12"]
[Round "10"]
[White "Golubenko, Valentina"]
[Black "Baches Garcia, Guillermo"]
[Result "0-1"]
[Board "120"]
[TimeControl "180+1"]
[WhiteFideId "4501993"]
[BlackFideId "2209764"]
[WhiteElo "2260"]
[BlackElo "2465"]
[WhiteTeam "CRO"]
[BlackTeam "ESP"]
[WhiteClock "0:00:00"]
[BlackClock "0:00:07"]

1. e4 d5 2. exd5 Qxd5 3. Nc3 Qa5 4. Nf3 Nf6 5. Bc4 Bg4 6. O-O Nc6 7. a3 e6 8. b4 Bxb4 9. Rb1 Bxc3 10. dxc3 Rb8 11. h3 Qxc3 12. Bb5 Bxf3 13. Qxf3 Qxf3 14. gxf3 O-O 15. Be3 Nd5 16. Bc5 Rfd8 17. Bxc6 bxc6 18. Bxa7 Ra8 19. Bc5 g5 20. Rb7 Ra4 21. Rd1 Rc4 22. Be7 Ra8 23. Bxg5 Kg7 24. Bc1 Rxc2 25. Bb2+ Kg6 26. Rd4 c5 27. Rg4+ Kf5 28. Rg7 f6 29. Rxh7 Rg8+ 30. Kf1 Kg6 31. Rh4 Kf5 32. Rh5+ Kg6 33. Rh4 Ra8 34. f4 Kf5 35. Rb3 Nxf4 36. Rf3 e5 37. Rh5+ Ke4 38. Re3+ Kd5 39. Bxe5 fxe5 40. Rexe5+ Kd4 41. Rh4 Rc1+ 42. Re1 Rxe1+ 43. Kxe1 Rf8 44. Kd2 c4 45. a4 c3+ 46. Kc2 Ke4 47. Rh7 Kf3 48. Rxc7 Ne2 0-1

[Event "December 12 Early 2023"]
[Site "https://www.chess.com"]
[Date "2023.12.12"]
[Round "10"]
[White "Cardozo Munar, Carlos Eduardo"]
[Black "Dilmukhametov, Artur"]
[Result "1-0"]
[Board "121"]
[TimeControl "180+1"]
[WhiteFideId "4409477"]
[BlackFideId "24179922"]
[WhiteElo "2277"]
[BlackElo "2437"]
[WhiteTeam "COL"]
[BlackTeam "RUS"]
[WhiteClock "0:00:54"]
[BlackClock "0:00:00"]

1. g3 d5 2. Bg2 Nf6 3. Nf3 g6 4. O-O Bg7 5. d4 O-O 6. c3 c5 7. Nbd2 Nc6 8. dxc5 e5 9. b4 a6 10. Bb2 Re8 11. a3 h6 12. e3 Bg4 13. Qb3 Qe7 14. h3 Be6 15. Qc2 Bf5 16. Qb3 Rad8 17. c4 Be6 18. cxd5 Bxd5 19. Qc2 Kh7 20. Rad1 Qe6 21. Nh4 Bxg2 22. Kxg2 Rd7 23. Nc4 Red8 24. Rd6 Rxd6 25. Nxd6 Qd5+ 26. e4 Nxe4 27. Nxe4 f5 28. Re1 Nd4 29. Bxd4 exd4 30. Nf3 d3 31. Nc3 dxc2 32. Nxd5 Rxd5 33. Rc1 Rd3 34. Rxc2 Rxa3 35. c6 bxc6 36. Rxc6 Ra4 37. Nh4 Rxb4 38. Nxg6 a5 39. Ne7 1-0

[Event "December 12 Early 2023"]
[Site "https://www.chess.com"]
[Date "2023.12.12"]
[Round "10"]
[White "Deveci, Huseyin Said"]
[Black "Leve, Nitai"]
[Result "0-1"]
[Board "122"]
[TimeControl "180+1"]
[WhiteFideId "26322455"]
[BlackFideId "2006898"]
[WhiteElo "2259"]
[BlackElo "2401"]
[WhiteTeam "TUR"]
[BlackTeam "USA"]
[WhiteClock "0:01:18"]
[BlackClock "0:02:25"]

1. Nf3 d6 2. g3 g6 3. Bg2 Bg7 4. O-O Nf6 5. d4 O-O 6. c4 Nbd7 7. b3 e5 8. Bb2 Qe7 9. Nbd2 Nh5 10. e3 f5 11. Re1 e4 12. Nh4 Bf6 13. Nf1 Bxh4 14. gxh4 Qxh4 15. Ng3 Ndf6 16. d5 f4 17. exf4 Nxf4 18. Bxe4 Nh3+ 19. Kg2 Ng4 20. f3 Nf4+ 21. Kf1 Qh3+ 22. Kg1 Qg2# 0-1

[Event "December 12 Early 2023"]
[Site "https://www.chess.com"]
[Date "2023.12.12"]
[Round "10"]
[White "Donchenko, Anatoly"]
[Black "NastyaHn"]
[Result "1-0"]
[Board "123"]
[TimeControl "180+1"]
[WhiteFideId "4106091"]
[WhiteElo "2364"]
[BlackElo "2251"]
[WhiteTeam "GER"]
[WhiteClock "0:00:24"]
[BlackClock "0:00:00"]

1. Nf3 Nf6 2. c4 c6 3. d4 d5 4. Qc2 g6 5. cxd5 cxd5 6. Nc3 Nc6 7. Bf4 Bg7 8. e3 O-O 9. Be2 Bf5 10. Qb3 Na5 11. Qb4 Rc8 12. O-O Nh5 13. Bg5 Nf6 14. Rfc1 Nc4 15. h3 b6 16. b3 Na5 17. Ba6 Rc7 18. Nb5 Rxc1+ 19. Rxc1 h6 20. Bf4 Ne4 21. Rc7 g5 22. Bh2 h5 23. Qxe7 g4 24. Qxd8 Rxd8 25. hxg4 hxg4 26. Nh4 Be6 27. Nxa7 Bf6 28. Bg3 Bg5 29. Kh2 Kg7 30. Nc6 Rh8 31. Nxa5 bxa5 32. Be5+ Nf6 33. g3 Bxh4 34. gxh4 Rxh4+ 35. Kg2 Kg6 36. Bd3+ Ne4 37. Ra7 f6 38. Bg3 Rh7 39. Rxh7 Kxh7 40. Bc7 f5 41. Bxa5 Kg6 42. Bc7 1-0

[Event "December 12 Early 2023"]
[Site "https://www.chess.com"]
[Date "2023.12.12"]
[Round "10"]
[White "Kuchava, Ana"]
[Black "Kolmagorov, Alexey"]
[Result "0-1"]
[Board "124"]
[TimeControl "180+1"]
[WhiteFideId "13605348"]
[BlackFideId "34129402"]
[WhiteElo "2227"]
[BlackElo "2363"]
[WhiteTeam "GEO"]
[BlackTeam "RUS"]
[WhiteClock "0:00:00"]
[BlackClock "0:00:58"]

1. d4 Nf6 2. Nf3 d5 3. c4 e6 4. Nc3 a6 5. e3 dxc4 6. Bxc4 b5 7. Bd3 Bb7 8. O-O c5 9. a3 Nbd7 10. Qe2 Be7 11. Rd1 Qb6 12. Bc2 O-O 13. e4 cxd4 14. Nxd4 Ne5 15. Bb3 Bc5 16. Be3 Nfg4 17. Nc2 Nxe3 18. Nxe3 Bxe3 19. Qxe3 Qxe3 20. fxe3 Rfd8 21. h3 Nd3 22. Rd2 Nc5 23. Rxd8+ Rxd8 24. Bc2 Rd2 25. Rd1 Rxd1+ 26. Bxd1 Nxe4 27. Bf3 Nc5 28. Bxb7 Nxb7 29. Kf2 Nd6 30. b3 Kf8 31. Kf3 Ke7 32. e4 Kd7 33. Ke3 Kc6 34. Kd4 Nb7 35. b4 Nd6 36. a4 Nc4 37. axb5+ axb5 0-1

[Event "December 12 Early 2023"]
[Site "https://www.chess.com"]
[Date "2023.12.12"]
[Round "10"]
[White "NovakRatko"]
[Black "Vanek, Tomas"]
[Result "1-0"]
[Board "125"]
[TimeControl "180+1"]
[BlackFideId "313459"]
[WhiteElo "2360"]
[BlackElo "2227"]
[BlackTeam "CZE"]
[WhiteClock "0:01:31"]
[BlackClock "0:01:12"]

1. d4 f5 2. c4 Nf6 3. Nc3 b6 4. f3 Bb7 5. Bg5 h6 6. Bxf6 exf6 7. e4 fxe4 8. fxe4 Qe7 9. Bd3 Nc6 10. Nf3 O-O-O 11. O-O g5 12. a3 g4 13. d5 Qc5+ 14. Rf2 gxf3 15. dxc6 Bxc6 16. Qxf3 Rg8 17. Rd1 Bd6 18. b4 Qe5 19. Nd5 Bxd5 20. cxd5 Qxh2+ 21. Kf1 Rg3 22. Qxf6 Re3 23. Ba6+ Kb8 24. Qxd8# 1-0

[Event "December 12 Early 2023"]
[Site "https://www.chess.com"]
[Date "2023.12.12"]
[Round "10"]
[White "Fernandez Hernandez, Gerardo"]
[Black "Zaksaite, Salomeja"]
[Result "1-0"]
[Board "126"]
[TimeControl "180+1"]
[WhiteFideId "2207400"]
[BlackFideId "12801496"]
[WhiteElo "2204"]
[BlackElo "2358"]
[WhiteTeam "ESP"]
[BlackTeam "LTU"]
[WhiteClock "0:00:17"]
[BlackClock "0:00:00"]

1. e4 e6 2. d3 d5 3. Nd2 e5 4. Ngf3 Nc6 5. exd5 Qxd5 6. g3 Nf6 7. Bg2 Be7 8. O-O O-O 9. Re1 Bg4 10. h3 Bxf3 11. Nxf3 Qd6 12. Qe2 Nd7 13. c3 Rfe8 14. Be3 Bf8 15. Rad1 f5 16. h4 h6 17. Bc1 Rad8 18. Nd2 Nc5 19. Nc4 Qg6 20. Bf3 Re7 21. Bxc6 Qxc6 22. Nxe5 Qd5 23. d4 Ne4 24. Ng6 Rf7 25. Ne5 Re7 26. Ng6 Rf7 27. Nf4 Qxa2 28. c4 c5 29. d5 a6 30. Ne6 Re8 31. Qh5 Bd6 32. Qe2 Qb3 33. Kh2 Nxg3 34. fxg3 Qxg3+ 35. Kh1 Qxh4+ 36. Kg1 Qg3+ 37. Qg2 Qxg2+ 38. Kxg2 f4 39. Kf3 g5 40. Rg1 Kh7 41. Rg2 Kg6 42. Rh1 Ree7 43. Bd2 b5 44. Kg4 Rb7 45. b3 bxc4 46. bxc4 Rb3 47. Rh3 Rxh3 48. Kxh3 f3 49. Rf2 h5 50. Nxg5 Rf5 51. Nxf3 Kf7 52. Ng5+ 1-0

[Event "December 12 Early 2023"]
[Site "https://www.chess.com"]
[Date "2023.12.12"]
[Round "10"]
[White "Koridze, Lile"]
[Black "Negron Lizarazo, Juan Sebastian"]
[Result "1-0"]
[Board "127"]
[TimeControl "180+1"]
[WhiteFideId "13612514"]
[BlackFideId "3936910"]
[WhiteElo "2354"]
[BlackElo "2144"]
[WhiteTeam "GEO"]
[BlackTeam "COL"]
[WhiteClock "0:01:28"]
[BlackClock "0:00:49"]

1. d4 Nf6 2. c4 g6 3. Nc3 d5 4. cxd5 Nxd5 5. Bd2 Bg7 6. e4 Nxc3 7. Bxc3 O-O 8. Qd2 c5 9. d5 a6 10. a4 Qc7 11. Nf3 Bg4 12. Be2 Nd7 13. Bxg7 Kxg7 14. Qc3+ Kg8 15. O-O Bxf3 16. Bxf3 b5 17. axb5 axb5 18. Rac1 Rfc8 19. Rfe1 b4 20. Qc2 c4 21. Qd2 c3 22. bxc3 bxc3 23. Qe3 Ne5 24. Be2 Ra2 25. Qg3 f6 26. h4 Qa5 27. h5 Rb8 28. f4 Qc5+ 29. Kh1 c2 30. fxe5 Rab2 31. hxg6 R8b3 32. gxh7+ Kxh7 33. Qh2+ Kg7 34. Bg4 Rb1 35. Bf5 Rxc1 36. Qh7+ Kf8 37. Qh8+ Kf7 38. e6# 1-0

[Event "December 12 Early 2023"]
[Site "https://www.chess.com"]
[Date "2023.12.12"]
[Round "10"]
[White "BestestBP"]
[Black "Luukkonen, Tommi"]
[Result "0-1"]
[Board "128"]
[TimeControl "180+1"]
[BlackFideId "501808"]
[WhiteElo "2146"]
[BlackElo "2315"]
[BlackTeam "FIN"]
[WhiteClock "0:01:15"]
[BlackClock "0:00:04"]

1. d4 Nf6 2. Nf3 g6 3. c4 Bg7 4. g3 O-O 5. Bg2 d6 6. O-O Nc6 7. Nc3 Bf5 8. Ne1 e5 9. d5 Na5 10. b3 c5 11. dxc6 bxc6 12. Ba3 c5 13. Nb5 e4 14. Nxd6 Qc7 15. Nxf5 gxf5 16. Rb1 Ng4 17. h3 Ne5 18. Qd5 Nb7 19. Qd2 Nc6 20. Nc2 Rfd8 21. Qg5 Qe5 22. Bb2 Nd4 23. Nxd4 cxd4 24. e3 f6 25. Qh5 f4 26. gxf4 Qxh5 27. Bxd4 Qf5 28. Rbd1 Bf8 29. b4 a5 30. b5 Bc5 31. Bc3 a4 32. Rxd8+ Rxd8 33. Kh2 Rd3 34. Rg1 Kf7 35. Ba1 Rd2 36. Rf1 Nd6 37. Bc3 Rc2 38. Ba5 Nxc4 39. Be1 Bxe3 40. fxe3 Nxe3 41. Rf2 Rxf2 42. Bxf2 Nd1 43. b6 Nxf2 44. b7 Qb5 45. Bxe4 Nxe4 46. b8=Q Qxb8 47. Kg2 Qb2+ 48. Kf3 f5 49. h4 Qf2# 0-1

[Event "December 12 Early 2023"]
[Site "https://www.chess.com"]
[Date "2023.12.12"]
[Round "10"]
[White "Petrova, Irina"]
[Black "Adelman, Charles"]
[Result "1/2-1/2"]
[Board "129"]
[TimeControl "180+1"]
[WhiteFideId "14124122"]
[BlackFideId "2003597"]
[WhiteElo "2301"]
[BlackElo "2259"]
[WhiteTeam "UKR"]
[BlackTeam "USA"]
[WhiteClock "0:02:15"]
[BlackClock "0:02:02"]

1. e4 Nf6 2. e5 Nd5 3. d4 d6 4. c4 Nb6 5. exd6 cxd6 6. Nc3 g6 7. Be3 Bg7 8. Rc1 O-O 9. b3 Nc6 10. Nf3 e5 11. dxe5 dxe5 12. Qxd8 Rxd8 13. Be2 Bg4 14. O-O Rab8 15. h3 Bxf3 16. Bxf3 Nd4 17. Bxd4 exd4 18. Nd5 Nxd5 19. Bxd5 Re8 20. Rfe1 Kf8 21. Kf1 b6 22. Bc6 Rxe1+ 23. Rxe1 Rc8 24. Bd5 Re8 25. Rxe8+ Kxe8 26. Ke2 Ke7 27. Kd3 h6 28. b4 Be5 29. c5 bxc5 30. bxc5 f6 31. Kc4 Kd7 32. Be4 g5 33. Bc2 Kc7 34. Kd5 Kd7 35. c6+ Kc7 36. Bd3 Bd6 37. Kxd4 Kxc6 38. Be4+ 1/2-1/2

[Event "December 12 Early 2023"]
[Site "https://www.chess.com"]
[Date "2023.12.12"]
[Round "10"]
[White "Rose, Felix"]
[Black "Olcayoz, Gizem"]
[Result "1-0"]
[Board "130"]
[TimeControl "180+1"]
[WhiteFideId "5105722"]
[BlackFideId "6301444"]
[WhiteElo "2297"]
[BlackElo "2042"]
[WhiteTeam "MEX"]
[BlackTeam "TUR"]
[WhiteClock "0:00:13"]
[BlackClock "0:00:00"]

1. Nf3 f5 2. b3 Nf6 3. g3 d6 4. Bg2 e5 5. O-O Be7 6. d3 O-O 7. Nbd2 Nc6 8. Bb2 Qe8 9. e4 f4 10. d4 fxg3 11. fxg3 Bg4 12. dxe5 Nxe5 13. h3 Bxf3 14. Nxf3 Nxf3+ 15. Rxf3 Nd7 16. Qd5+ Kh8 17. Rxf8+ Bxf8 18. Qxb7 Nc5 19. Qxc7 Nxe4 20. Re1 d5 21. c4 Rc8 22. Qxa7 Bc5+ 23. Qxc5 Rxc5 24. cxd5 Rxd5 25. Rxe4 Rd1+ 26. Kh2 Qd8 27. Rg4 Rd7 28. a4 h5 29. Rh4 Qe8 30. a5 Kh7 31. Be4+ Kh8 32. Bc3 Rc7 33. Bd4 Re7 34. Bd3 Qf7 35. Kg2 Qxb3 36. Rxh5+ Kg8 37. Bh7+ Kf8 38. Rf5+ Rf7 39. Bc5+ Ke8 40. Bg6 Qc2+ 41. Bf2 Qxf5 42. Bxf5 Rxf5 43. a6 Ra5 44. a7 Ke7 45. Kf3 Kf6 46. h4 g6 47. Bd4+ Kf7 48. g4 Ra4 49. Ke4 Ke6 50. h5 gxh5 51. gxh5 Kf7 52. Kd5 Kg8 53. h6 Kh7 54. Be3 1-0

[Event "December 12 Early 2023"]
[Site "https://www.chess.com"]
[Date "2023.12.12"]
[Round "10"]
[White "Zaichenko, Daria"]
[Black "Herman, Daniel"]
[Result "0-1"]
[Board "131"]
[TimeControl "180+1"]
[WhiteFideId "4197453"]
[BlackFideId "30935008"]
[WhiteElo "2233"]
[BlackElo "2437"]
[WhiteTeam "RUS"]
[BlackTeam "USA"]
[WhiteClock "0:00:23"]
[BlackClock "0:00:21"]

1. e4 Nf6 2. e5 Nd5 3. d4 d6 4. Nf3 dxe5 5. Nxe5 c6 6. c4 Nf6 7. Nc3 g6 8. Bd3 Bg7 9. O-O O-O 10. Be3 Nbd7 11. f4 c5 12. d5 Nxe5 13. fxe5 Ng4 14. Bxc5 Nxe5 15. Be2 Qc7 16. b4 a6 17. Rc1 b6 18. Bd4 a5 19. Nb5 Qb8 20. a3 axb4 21. axb4 Bd7 22. Nc3 e6 23. Qd2 Rd8 24. Qf4 Be8 25. dxe6 Rxd4 26. exf7+ Bxf7 27. Qe3 Nxc4 28. Bxc4 Rxc4 29. Qe7 Qe8 30. Qxe8+ Rxe8 31. Nb5 Rxc1 32. Rxc1 Bd5 33. Rd1 Be4 34. Rd6 Rf8 35. Rxb6 Bh6 0-1

[Event "December 12 Early 2023"]
[Site "https://www.chess.com"]
[Date "2023.12.12"]
[Round "10"]
[White "Latorre, Vincent"]
[Black "Tilahun , Abel Mathewos"]
[Result "0-1"]
[Board "132"]
[TimeControl "180+1"]
[WhiteFideId "2636891"]
[BlackFideId "15702391"]
[WhiteElo "2389"]
[BlackElo "2086"]
[WhiteTeam "CAN"]
[BlackTeam "ETH"]
[WhiteClock "0:00:02"]
[BlackClock "0:00:05"]

1. e4 e6 2. d4 d5 3. exd5 exd5 4. Nf3 Nf6 5. Bd3 c5 6. c3 Bd6 7. O-O O-O 8. dxc5 Bxc5 9. Nbd2 Nc6 10. Nb3 Bb6 11. a4 a5 12. Nbd4 Bg4 13. h3 Bh5 14. Be3 Ne5 15. Be2 Nc4 16. Bc1 Re8 17. b3 Nd6 18. Bf4 Nde4 19. Rc1 Rc8 20. c4 h6 21. cxd5 Nc3 22. Rxc3 Rxc3 23. d6 Nd5 24. Bh2 Rc8 25. d7 Qxd7 26. Bb5 Qd8 27. Bxe8 Qxe8 28. Re1 Qd8 29. Qd2 Nc3 30. Bf4 Bxf3 31. Nxf3 Qd5 32. Rd1 Qxb3 33. Rc1 Qc4 34. Kh2 g5 35. Be5 Bc7 36. Qxc3 Bxe5+ 37. Qxe5 Qxc1 38. g3 Qc7 39. Qf5 Qc5 40. h4 Qxf5 41. hxg5 0-1

[Event "December 12 Early 2023"]
[Site "https://www.chess.com"]
[Date "2023.12.12"]
[Round "10"]
[White "Kniazev, Igor"]
[Black "Kleibel, Uwe"]
[Result "0-1"]
[Board "133"]
[TimeControl "180+1"]
[WhiteFideId "4136349"]
[BlackFideId "1270982"]
[WhiteElo "2077"]
[BlackElo "2316"]
[WhiteTeam "RUS"]
[BlackTeam "GER"]
[WhiteClock "0:02:09"]
[BlackClock "0:02:08"]

1. e4 e5 2. Nf3 Nc6 3. Bc4 Nf6 4. Ng5 d5 5. exd5 Na5 6. Bb5+ c6 7. dxc6 bxc6 8. Ba4 h6 9. Nf3 e4 10. Qe2 Bd6 11. Nd4 O-O 12. Nxc6 Nxc6 13. Bxc6 Rb8 14. Nc3 Qb6 15. Bxe4 Nxe4 16. Nxe4 Re8 17. Nf6+ gxf6 18. Qxe8+ Kg7 19. O-O Ba6 20. d3 Rxe8 21. b3 Bc5 22. Be3 Bxe3 23. fxe3 Qxe3+ 0-1

[Event "December 12 Early 2023"]
[Site "https://www.chess.com"]
[Date "2023.12.12"]
[Round "10"]
[White "Nikulina, Alena"]
[Black "Sarkar, Justin"]
[Result "1-0"]
[Board "134"]
[TimeControl "180+1"]
[WhiteFideId "4172051"]
[BlackFideId "2010011"]
[WhiteElo "2057"]
[BlackElo "2297"]
[WhiteTeam "RUS"]
[BlackTeam "USA"]
[WhiteClock "0:00:05"]
[BlackClock "0:00:00"]

1. e4 Nc6 2. d4 d5 3. e5 f6 4. exf6 exf6 5. Nf3 Bd6 6. Bd3 Nge7 7. c4 Bb4+ 8. Nc3 Bg4 9. O-O O-O 10. Be3 dxc4 11. Bxc4+ Kh8 12. a3 Bd6 13. h3 Bh5 14. g4 Bf7 15. Bd3 Nd5 16. Nh4 Nf4 17. Bxf4 Bxf4 18. Ne2 Bg5 19. Nf3 Bd5 20. Nxg5 fxg5 21. Bc2 Qf6 22. Qd3 g6 23. Ng3 Rae8 24. Nh5 Qf7 25. Ng3 Qg7 26. Qd2 Rf3 27. Rae1 Nxd4 28. Rxe8+ Bg8 29. Bd1 1-0

[Event "December 12 Early 2023"]
[Site "https://www.chess.com"]
[Date "2023.12.12"]
[Round "10"]
[White "Lohani, Sujana"]
[Black "Schut, Han"]
[Result "1-0"]
[Board "136"]
[TimeControl "180+1"]
[WhiteFideId "12311987"]
[BlackFideId "1005561"]
[WhiteElo "2013"]
[BlackElo "2271"]
[WhiteTeam "NEP"]
[BlackTeam "NED"]
[WhiteClock "0:01:04"]
[BlackClock "0:00:00"]

1. d4 Nf6 2. Bf4 d5 3. e3 e6 4. c3 Bd6 5. Bg3 b6 6. Bd3 Bb7 7. Nf3 Ne4 8. Nbd2 O-O 9. Ne5 Nd7 10. f4 f6 11. Bxe4 fxe5 12. fxe5 dxe4 13. exd6 c5 14. Qg4 Rf6 15. O-O-O cxd4 16. exd4 e3 17. Nc4 Rg6 18. Qe2 b5 19. Nxe3 b4 20. c4 Qa5 21. b3 Rc8 22. Kb2 Qa3+ 23. Ka1 a5 24. Qb2 Qxb2+ 25. Kxb2 a4 26. d5 exd5 27. Nxd5 Bxd5 28. Rxd5 a3+ 29. Kb1 Re8 30. c5 Re2 31. c6 Nb6 32. d7 1-0

[Event "December 12 Early 2023"]
[Site "https://www.chess.com"]
[Date "2023.12.12"]
[Round "10"]
[White "Skiadopoulos, Nikolaos"]
[Black "Petrukhina, Olga"]
[Result "0-1"]
[Board "137"]
[TimeControl "180+1"]
[WhiteFideId "4200772"]
[BlackFideId "13703935"]
[WhiteElo "1745"]
[BlackElo "2215"]
[WhiteTeam "GRE"]
[BlackTeam "KAZ"]
[WhiteClock "0:00:00"]
[BlackClock "0:00:22"]

1. e4 e6 2. d4 d5 3. e5 c5 4. c3 Nc6 5. Nf3 Bd7 6. dxc5 Bxc5 7. b4 Be7 8. b5 Na5 9. Bd3 Qc7 10. a4 Nc4 11. Qe2 Rc8 12. O-O Nh6 13. Bxh6 gxh6 14. Ra2 Rg8 15. Bxh7 Rg7 16. Bd3 a6 17. bxa6 bxa6 18. a5 Bb5 19. Na3 Nxa3 20. Rxa3 Bxa3 21. Bxb5+ axb5 22. Qxb5+ Qd7 23. Qb3 Bc5 24. Ra1 Qa7 25. Ra2 Rb8 26. Qa4+ Kf8 27. g3 Kg8 28. Qf4 Qa6 29. Nd2 Rb5 30. Qxh6 Rxa5 31. Rxa5 Qxa5 32. c4 Qa1+ 33. Kg2 Qd4 0-1

[Event "December 12 Early 2023"]
[Site "https://www.chess.com"]
[Date "2023.12.12"]
[Round "10"]
[White "MasterofMasters2006"]
[Black "Reinecke, Katharina"]
[Result "1-0"]
[Board "138"]
[TimeControl "180+1"]
[BlackFideId "12929727"]
[WhiteElo "2061"]
[BlackElo "2021"]
[BlackTeam "GER"]
[WhiteClock "0:00:53"]
[BlackClock "0:00:15"]

1. d4 d5 2. c4 c6 3. Nc3 Nf6 4. Bg5 e6 5. e3 Be7 6. Nf3 O-O 7. Qc2 Nbd7 8. Rc1 h6 9. Bh4 b6 10. Bd3 Bb7 11. O-O Rc8 12. cxd5 cxd5 13. Qe2 Ne4 14. Bxe7 Qxe7 15. Nb5 a6 16. Nc3 b5 17. Bxe4 dxe4 18. Nd2 Nf6 19. Nb3 Rc7 20. Nc5 Rfc8 21. b4 Qd6 22. a4 bxa4 23. N3xa4 Bd5 24. Qd2 Nd7 25. Nxd7 Qxd7 26. Nb6 Rxc1 27. Nxd7 Rxf1+ 28. Kxf1 Bc4+ 29. Kg1 Bb5 30. Nc5 g6 31. h3 Kg7 32. d5 exd5 33. Qxd5 Rc7 34. Qxe4 h5 35. Qe5+ 1-0